 Dungeon Crawl Stone Soup version 0.20.0-7-g3b7b877 (webtiles) character file.

185 MTVSty1e the Skirmisher (level 5, 0/35 HPs)
             Began as a Gargoyle Fighter on May 29, 2017.
             Killed by divine providence
             ... invoked by an orc priest
              (13 damage)
             ... on level 4 of the Dungeon.
             The game lasted 00:04:55 (2407 turns).

MTVSty1e the Skirmisher (Gargoyle Fighter)          Turns: 2407, Time: 00:04:56

Health: 0/35       AC: 18    Str: 20    XL:     5   Next: 64%
Magic:  5/5        EV:  3    Int:  9    God:
Gold:   134        SH:  9    Dex:  9    Spells: 4/4 levels left

rFire    . . .     SeeInvis .   a - +0 flail
rCold    . . .     Gourm    .   c - +0 shield
rNeg     + . .     Faith    .   w - +0 plate armour
rPois    ∞         Spirit   .   (no helmet)
rElec    +         Reflect  .   i - scarf {cloud immunity}
rCorr    .         Harm     .   r - +2 pair of gloves
MR       .....                  (no boots)
Stlth    ..........             (no amulet)
Regen    0.2/turn               (no ring)
MPRegen  0.1/turn               (no ring)

@: no status effects
A: negative energy resistance 1, electricity resistance, unbreathing,
petrification resistance, rot immunity, AC +4
a: no special abilities


You were on level 4 of the Dungeon.
You were not hungry.

You visited 1 branch of the dungeon, and saw 4 of its levels.

You collected 134 gold pieces.

Inventory:

Hand Weapons
 a - a +0 flail (weapon)
Armour
 c - a +0 shield (worn)
 i - a scarf of cloud immunity (worn)
 r - a +2 pair of gloves (worn)
 w - a +0 plate armour (worn)
Wands
 b - a wand of digging (8/24)
Scrolls
 f - a scroll of fog {unknown}
 g - 4 scrolls of identify {unknown}
 h - a scroll of recharging {unknown}
 j - a scroll of remove curse {unknown}
 k - a scroll of fear {unknown}
 n - a scroll of magic mapping {unknown}
 o - 2 scrolls of enchant armour {unknown}
 q - 2 scrolls of immolation {unknown}
 x - 3 scrolls of blinking {unknown}
Potions
 d - a potion of might
 e - a potion of lignification
 l - a potion of ambrosia {unknown}
 m - a potion of magic {unknown}
 s - a potion of brilliance {unknown}
 z - a potion of cancellation {unknown}
Comestibles
 p - 2 bread rations
 u - 7 fruits
 A - 2 meat rations


   Skills:
 + Level 5.2 Fighting
 + Level 4.3 Maces & Flails
 - Level 3.2 Armour
 - Level 3.2 Shields


You had 4 spell levels left.
You didn't know any spells.

Dungeon Overview and Level Annotations

Branches:
Dungeon (4/15)
 Temple: D:4-7

Altars:
Qazlal


Innate Abilities, Weirdness & Mutations

You are resistant to torment.
Your stone body is resilient. (AC +4)
You are immune to poison.
You resist negative energy. (rN+)
You are resistant to electric shocks. (rElec)
You can survive without breathing.
You are immune to petrification.
You are immune to rotting.


Message History

You barely miss the orc priest.
The orc priest is severely wounded.
The orc hits you but does no damage.
The orc priest looks encouraged for a moment.
The orc hits you but does no damage. x2
Your shield and plate armour prevent you from hitting the orc priest.
The orc priest is severely wounded.
The orc hits you but does no damage.
The orc priest hits you but does no damage.
The orc hits you but does no damage. x2; You block the orc's attack.
A hound comes into view.
You closely miss the orc priest.
The orc priest is severely wounded.
The hound barks!
You hear a bark!
The orc priest mumbles some strange prayers to Beogh against you.
Beogh smites you! The orc hits you but does no damage.
You block the orc's attack. The orc hits you but does no damage.
The orc priest calls down the wrath of Beogh upon you.
Beogh smites you!
You die...

. ##....#..... ..
##.......... ...#
###...........
.....###...###.......
.........#####.......
........## #........
.........####....#...
..###.....##ooo..###>
#.#.....)@oo.#
#..###....##...# #..#
##.h## ..# #.# #..#
.# .. #..# # #..#
#..# #..#


You could see a hound, an orc priest and 4 orcs.

Vanquished Creatures
  A crimson imp (D:4)
  3 orc wizards
  An adder (D:3)
  A worm (D:2)
  A leopard gecko (D:2)
  4 orcs (D:3)
  3 bats
  3 giant cockroaches (D:1)
  8 hobgoblins
  6 jackals
  6 kobolds
  2 quokkas
  5 frilled lizards
  4 goblins
  3 rats
51 creatures vanquished.

Notes
Turn   | Place    | Note
-------+----------+-------------------------------------------
     0 | D:1      | MTVSty1e the Gargoyle Fighter began the quest for the Orb.
     0 | D:1      | Reached XP level 1. HP: 14/14 MP: 1/1
   409 | D:1      | Reached XP level 2. HP: 17/19 MP: 2/2
  1153 | D:2      | Found a stormy altar of Qazlal.
  1257 | D:2      | Reached XP level 3. HP: 21/24 MP: 3/3
  1369 | D:2      | Reached skill level 4 in Fighting
  1634 | D:3      | Found a faded altar of an unknown god.
  1759 | D:3      | Reached XP level 4. HP: 19/30 MP: 4/4
  2333 | D:4      | Reached XP level 5. HP: 34/34 MP: 5/5
  2388 | D:4      | Reached skill level 5 in Fighting
  2407 | D:4      | Killed from afar by an orc priest

Skill      XL: |  1  2  3  4  5 |
---------------+----------------+-----
Maces & Flails | 3 4 |  4.3
Fighting       | 4 5 |  5.2
Armour         | |  3.2
Shields        | |  3.2

Action                   |  1- 3 |  4- 6 || total
-------------------------+-------+-------++-------
Melee: Flail             |   206 |   100 ||   306
  Use: Potion            |       |     3 ||     3
  Eat: Bread ration      |     1 |       ||     1
       Royal jelly       |       |     1 ||     1
Armor: Scale mail        |   160 |     8 ||   168
       Plate armour      |       |    70 ||    70
       Skin              |       |    43 ||    43
Dodge: Dodged            |    72 |    21 ||    93
Block: Shield            |   120 |    59 ||   179
